AoeStats
← Rubenbauer

Nomad

510710969Analyzed
2v2 RM · 2d ago on Oct 2, 2026· 37m 37s· 4 players
Game mode
Random Map
Map size
176×176
Population
200
Speed
Normal
Resources
Standard
Victory
Conquest
Starting age
Dark Age
Ending age
Imperial Age
RankedLock teamsTeams togetherTeam positionsShared explorationLock speedFull tech treeHidden civsTurbo modeCheats
Victory
Defeat
🇩🇪 Vietnamese · Germany
1262
+14
🇩🇪 Huns · Germany
1262
+14
🇩🇪 Japanese · Germany
1236
-15
🇩🇪 Malians · Germany
1184
-13
flo_aoe2
5:17 Loom
14:06 Feudal Age
17:50 Castle Age
15:45 Stone Mining
15:47 Double-Bit Axe
18:56 Fletching
20:15 Bodkin Arrow
20:30 Forging
22:04 Padded Archer Armor
23:28 Bow Saw
25:31 Leather Archer Armor
26:51 Ballistics
31:59 Imperial Age
31:10 Forging
32:53 Bracer
Rubenbauer
4:33 Loom
14:45 Feudal Age
16:10 Double-Bit Axe
17:43 Fletching
27:45 Castle Age
26:31 Padded Archer Armor
32:18 Crossbowman
32:56 Bodkin Arrow
Hogan88
4:47 Loom
13:55 Feudal Age
17:43 Fletching
21:31 Castle Age
22:15 Bodkin Arrow
23:14 Double-Bit Axe
25:08 Padded Archer Armor
32:07 Imperial Age
34:24 Bow Saw
danjo
13:45 Feudal Age
20:28 Castle Age
20:04 Scale Barding Armor
19:58 Stone Mining
21:28 Medium Warships
21:45 Fletching
26:42 Forging
31:44 Fishing Lines
35:04 Husbandry
Connection lost

Rejoining the realm…

Still unreachable

The connection could not be restored.

Session expired

The server has moved on; the page needs a fresh start.